 Dungeon Crawl Stone Soup version 0.27.1-3-gb3d3a73c9e (webtiles) character file.

Game seed: 1579846234412045734

96 saltiestKirin the Scratcher (level 4, -6/18 (19) HPs)
             Began as a Felid Transmuter on Oct 25, 2021.
             Was an Initiate of Yredelemnul.
             Splashed by a jelly's acid (10 damage)
             ... on level 4 of the Dungeon.
             The game lasted 00:31:28 (4621 turns).

saltiestKirin the Scratcher (Felid Transmuter)      Turns: 4621, Time: 00:31:32

HP:   -6/18 (19)    AC:  1    Str:  6    XL:     4   Next: 41%
MP:   6/9           EV: 18    Int: 14    God:    Yredelemnul [......]
Gold: 97            SH:  0    Dex: 17    Spells: 6/9 levels left
                                        Lives: 0   Deaths: 1

rFire    . . .     SeeInvis +     - Unarmed
rCold    . . .     Faith    .   (shield unavailable)
rNeg     . . .     Spirit   .   (armour unavailable)
rPois    .         Reflect  .   (helmet unavailable)
rElec    .         Harm     .   (cloak unavailable)
rCorr    .         Rampage  .   (gloves unavailable)
Will     .....                  (boots unavailable)
Stlth    ++........             (no amulet)
HPRegen  0.06/turn              (no ring)
MPRegen  0.11/turn              (no ring)

@: appendages, wereblooded, drained, quick
A: horns 2, very small, claws 1, fangs 3, see invisible, speed 1, shaggy fur 1,
stealthy paws, no weapons or thrown items, no armour, multi-lived
a: End Transformation, Renounce Religion


You were on level 4 of the Dungeon.
You worshipped Yredelemnul.
Yredelemnul was noncommittal.
You had temporarily grown beastly horns.
You visited 1 branch of the dungeon, and saw 5 of its levels.

You collected 97 gold pieces.

Inventory:

Hand Weapons
 i - a +1 falchion of holy wrath
 l - a +2 dagger of draining
 o - a +2 whip of draining
Magical Staves
 q - a staff of conjuration
Wands
 j - a wand of acid (7)
Scrolls
 a - a scroll of immolation {unknown}
 b - a scroll of fear {unknown}
 c - a scroll of acquirement {unknown}
 d - a scroll of noise {unknown}
 g - a scroll of enchant armour {unknown}
 k - a scroll of magic mapping {unknown}
 p - a scroll of enchant weapon {unknown}
Potions
 e - a potion of berserk rage
 f - a potion of attraction
 h - a potion of degeneration
 m - a potion of haste {unknown}
 n - a potion of mutation {unknown}


   Skills:
 + Level 1.2 Fighting
 + Level 3.2 Dodging
 + Level 1.0 Stealth
 + Level 4.1 Unarmed Combat
 + Level 3.1 Spellcasting
 + Level 3.5 Transmutations


You had 6 spell levels left.
You knew the following spells:

 Your Spells              Type           Power      Damage    Failure   Level
a - Beastly Appendage     Tmut           24%        N/A       4%          1
b - Wereblood             Tmut           12%        N/A       8%          2

Your spell library contained the following spells:

 Spells                   Type           Power      Damage    Failure   Level
 Spider Form              Tmut/Pois      3%         N/A       30%         3
 Slow                     Hex            2%         N/A       32%         2
 Confusing Touch          Hex            2%         N/A       54%         3
 Frozen Ramparts          Ice            4%         1d2       54%         3
 Ice Form                 Ice/Tmut       7%         N/A       71%         4
 Blade Hands              Tmut           6%         N/A       80%         5
 Summon Ice Beast         Ice/Summ       2%         N/A       91%         4
 Yara's Violent Unravell  Hex/Tmut       3%         3d4       96%         5
 Portal Projectile        Hex/Tloc       Unusable   N/A       N/A         3
 Excruciating Wounds      Necr           Unusable   N/A       N/A         5

Dungeon Overview and Level Annotations

Branches:
Dungeon (5/15)
 Temple: D:4-7

Altars:
Cheibriados
Dithmenos
Elyvilon
Fedhas
Kikubaaqudgha
Nemelex Xobeh
Qazlal
Ru
Trog
Xom
Yredelemnul
Zin


Innate Abilities, Weirdness & Mutations

You have temporarily grown beastly horns.
You have sharp claws.
You have razor-sharp teeth.
You have supernaturally acute eyesight. (SInv)
You cover ground quickly. (Speed+)
You are covered in fur. (AC +1)
Your paws help you pounce on unaware monsters.
You are incapable of wielding weapons or throwing items.
You cannot wear armour.
You gain extra lives every three experience levels.


Message History

Found a mace.
There is a stone staircase leading up here.
Found a short smoking staff.
You see here a +0 mace.
You see here a staff of conjuration.
q - a staff of conjuration
Found a stone staircase leading down.
Found 11 gold pieces.
You now have 97 gold pieces (gained 11).
Found a scroll of identify.
Found a stone staircase leading up.
A kobold comes into view. It is wielding a +0 club.
Casting: Wereblood (safe; 8% risk of failure)
Press: ? - help, Q - select action, (/) - cycle Dir - look around, f - activate Your blood is infused with primal strength.
The kobold shouts!
Casting: Beastly Appendage (safe; 4% risk of failure)
Press: ? - help, Q - select action, (/) - cycle Dir - look around, f - activate You grow a pair of large bovine horns.
The kobold misses you.
You scratch the kobold.
You kill the kobold!
Yredelemnul accepts your kill.
A jelly comes into view.
There is a stone staircase leading up, spattered with blood here.
You see here a +0 club.
Found 14 gold pieces.
The jelly hits you.
You are splashed with acid!
You are too injured to fight recklessly!
You are too injured to fight recklessly!
You are too injured to fight recklessly!
You claw the jelly!
Your paws burn!
* * * LOW HITPOINT WARNING * * *
The jelly is heavily wounded.
The jelly hits you.
* * * LOW HITPOINT WARNING * * *
You are splashed with acid!
Ouch! That really hurt!
You die...
Your body rises from the dead as a mindless zombie.

#### ### #.. ...
######J####### ####.#.#
#.....@......$ .......
#.#.##.####### #..###
#<# #...# # ##.##
###...## #.#.#...####
#....... #..........#
#.......
#.#.#...##.#####.......
#....................##
.............######...#


You could see a jelly.

Vanquished Creatures
  An orc priest (D:5)
  2 orc wizards
  3 adders
  An adder skeleton (D:5)
  A worm (D:2)
  A dart slug (D:1)
  7 orcs
  2 bats (D:2)
  3 endoplasms
  A giant cockroach (D:2)
  2 goblins
  5 hobgoblins
  5 kobolds
  3 quokkas
  2 ball pythons
  A frilled lizard (D:3)
40 creatures vanquished.

Notes
Turn   | Place    | Note
-------+----------+-------------------------------------------
     0 | D:1      | saltiestKirin the Felid Transmuter began the quest for the
                  | Orb.
     0 | D:1      | Reached XP level 1. HP: 9/9 MP: 4/4
   462 | D:1      | Found a faded altar of an unknown god.
  1047 | D:1      | Became a worshipper of Ru the Awakened
  1058 | D:1      | You fall into a shaft and drop 1 floor!
  1069 | D:2      | Reached XP level 2. HP: 3/12 MP: 4/6
  1837 | D:2      | Learned a level 2 spell: Wereblood
  2140 | D:2      | Reached XP level 3. HP: 15/15 MP: 4/7
  2956 | D:3      | Found a blossoming altar of Fedhas.
  2978 | D:3      | Noticed an oklob plant
  2986 | D:3      | Fell from the grace of Ru
  2987 | D:3      | Became a worshipper of Fedhas Madash
  3047 | D:3      | Reached XP level 4. HP: 8/19 MP: 4/9
  3697 | D:3      | Reached skill level 4 in Unarmed Combat
  3857 | D:3      | Reached skill level 1 in Stealth
  4231 | D:3      | You fall into a shaft and drop 2 floors!
  4231 | D:5      | Entered Level 5 of the Dungeon
  4231 | D:5      | Noticed an ogre
  4242 | D:5      | Slain by an ogre
  4243 | D:5      | Reached XP level 3. HP: 0/15 MP: 6/8
  4257 | D:5      | Noticed a black bear
  4335 | D:5      | Reached XP level 4. HP: 19/19 MP: 6/9
  4396 | D:5      | Noticed a gnoll sergeant
  4400 | D:4      | Found a shimmering altar of Xom.
  4468 | D:4      | Found a bloodstained altar of Trog.
  4471 | D:4      | Found a glowing silver altar of Zin.
  4472 | D:4      | Found an ancient bone altar of Kikubaaqudgha.
  4472 | D:4      | Found a shadowy altar of Dithmenos.
  4472 | D:4      | Found a basalt altar of Yredelemnul.
  4472 | D:4      | Found a sparkling altar of Nemelex Xobeh.
  4472 | D:4      | Found a sacrificial altar of Ru.
  4477 | D:4      | Found a white marble altar of Elyvilon.
  4482 | D:4      | Found a stormy altar of Qazlal.
  4487 | D:4      | Found a snail-covered altar of Cheibriados.
  4509 | D:4      | Fell from the grace of Fedhas
  4514 | D:4      | Became a worshipper of Yredelemnul the Dark
  4621 | D:4      | Splashed by a jelly's acid

Illustrated notes

Levels and vault maps discovered:
D:1:      scummos_arrival_forest, layout_basic, shapermc_ecumenical_altar_gd
D:2:      layout_loops_cross, lemuel_old_faithful
D:3:      layout_basic, tgw_fedhas, minmay_misc_feat_doors
D:4:      minmay_inner_zag, layout_loops_ring, minitemple, grunt_ministairs_2
D:5:      layout_basic, minmay_temple_entry_proselytizer, portal_sewer_entry_c,
          hangedman_decor_growths, kennysheep_cross_room, uniq_edmund

Skill      XL: |  1  2  3  4 |
---------------+-------------+-----
Transmutations | 3 |  3.5
Unarmed Combat | 4 |  4.1
Dodging        | 3 |  3.2
Stealth        | 1 |  1.0
Spellcasting   | 3 |  3.1
Fighting       | |  1.2

Action                   |  1- 3 |  4- 6 || total
-------------------------+-------+-------++-------
Melee: Unarmed           |    74 |    38 ||   112
       Bite              |     6 |     2 ||     8
       Headbutt          |     5 |     5 ||    10
 Cast: Beastly Appendage |    19 |     7 ||    26
       Wereblood         |    10 |     8 ||    18
Invok: Reject Sacrifices |     1 |       ||     1
       Renounce Religion |     1 |     1 ||     2
  Use: Scroll            |     3 |       ||     3
       Potion            |     1 |       ||     1
 Stab: Sleeping          |     1 |       ||     1
Armor: Skin              |     4 |     1 ||     5
Dodge: Dodged            |    51 |    23 ||    74
